 Dungeon Crawl Stone Soup version 0.28-a0-313-gbc0475efdd (webtiles) character file.

Game seed: 1696428297714744239

11043 lunkers the Fighter (level 11, -12/104 HPs)
             Began as a Minotaur Cinder Acolyte on Aug 31, 2021.
             Was a High Priest of Ignis.
             Mangled by a boulder beetle (45 damage)
             ... on level 10 of the Dungeon.
             The game lasted 00:16:53 (13254 turns).

lunkers the Fighter (Minotaur Cinder Acolyte)      Turns: 13254, Time: 00:16:53

Health: -12/104    AC: 12    Str: 23    XL:     11   Next: 44%
Magic:  11/11      EV:  8    Int: 15    God:    Ignis [*****.]
Gold:   628        SH: 10    Dex:  6    Spells: 11/12 levels left

rFire   + . .      SeeInvis .   x - +7 hunting sling "Puiwept Puif" {vorpal, Stlth+}
rCold   . . .      Faith    .   l - +0 kite shield
rNeg    . . .      Spirit   .   b - +2 scale mail {rPois}
rPois   +          Reflect  .   (helmet restricted)
rElec   .          Harm     .   I - +0 cloak
rCorr   +          Rampage  .   (no gloves)
Will    .....                   e - +2 pair of boots "Waacre" {Int+5}
Stlth   +.........              F - amulet of regeneration
HPRegen 1.27/turn               G - ring of resist corrosion
MPRegen 0.12/turn               (no ring)

@: no status effects
A: horns 2, retaliatory headbutt
a: Renounce Religion, Sea of Fire, Foxfire Swarm, Rising Flame


You were on level 10 of the Dungeon.
You worshipped Ignis.
Ignis was extremely pleased with you.
You visited 1 branch of the dungeon, and saw 11 of its levels.

You collected 1328 gold pieces.
You spent 700 gold pieces at shops.

Inventory:

Hand Weapons
 a - a -1 hand axe of flaming
 n - a +1 short sword of venom
 w - a +2 falchion of holy wrath
 x - the +7 hunting sling "Puiwept Puif" (weapon) {vorpal, Stlth+}
   (You found it on level 4 of the Dungeon)

   Any ammunition fired from it inflicts extra damage upon your enemies.
   Stlth:     It makes you more stealthy.
Missiles
 j - 3 throwing nets
 k - 79 poisoned darts
 y - 206 stones
 z - 28 sling bullets (quivered ammo)
Armour
 b - a +2 scale mail of poison resistance (worn)
 e - the +2 pair of boots "Waacre" (worn) {Int+5}
   (You bought it in a shop on level 4 of the Dungeon)

   Int:       It affects your intelligence (+5).
 l - a +0 kite shield (worn)
 H - a +0 scale mail of positive energy
 I - a +0 cloak (worn)
Jewellery
 F - an amulet of regeneration (around neck)
 G - a ring of resist corrosion (left hand)
Wands
 p - a wand of charming (3)
 q - a wand of flame (58)
Scrolls
 d - a scroll of teleportation
 f - 2 scrolls of amnesia
 i - 3 scrolls of fear
 A - a scroll of magic mapping
Potions
 c - a potion of brilliance {unknown}
 g - 3 potions of heal wounds
 m - a potion of degeneration {unknown}
 o - 3 potions of attraction
 r - 2 potions of curing
 s - 2 potions of flight
 u - a potion of cancellation
 v - 2 potions of invisibility
 C - 2 potions of might {unknown}
 D - a potion of haste
 J - a potion of resistance {unknown}
Miscellaneous
 t - a tin of tremorstones (2/2)


   Skills:
 + Level 11.7 Fighting
 - Level 4.0 Short Blades
 - Level 5.7 Axes
 * Level 11.3 Slings
 + Level 10.8 Shields
 - Level 1.0 Spellcasting
 - Level 0.6 Fire Magic
 - Level 4.0 Evocations


You had 11 spell levels left.
You knew the following spells:

 Your Spells              Type           Power      Damage    Failure   Level
p - Foxfire               Conj/Fire      4%         2x1d4     71%         1

Your spell library contained the following spells:

 Spells                   Type           Power      Damage    Failure   Level
 Freeze                   Ice            0%         1d3       75%         1
 Conjure Flame            Conj/Fire      1%         6-21      97%         3
 Ignite Poison            Fire/Tmut/Pois 1%         N/A       97%         3
 Dazzling Flash           Conj/Hex       0%         N/A       98%         3
 Frozen Ramparts          Ice            0%         1d2       98%         3
 Animate Dead             Necr           0%         N/A       100%        4
 Hailstorm                Conj/Ice       0%         3d3       100%        4
 Iskenderun's Mystic Bla  Conj/Tloc      0%         2d3       100%        4
 Sticky Flame             Conj/Fire      1%         2d3       100%        4
 Alistair's Intoxication  Tmut/Pois      0%         N/A       100%        5
 Borgnjor's Vile Clutch   Necr/Erth      0%         N/A       100%        5
 Iskenderun's Battlesphe  Conj           0%         2d6       100%        5
 Conjure Ball Lightning   Conj/Air       0%         3x3d6     100%        6
 Eringya's Noxious Bog    Tmut/Pois      0%         N/A       100%        6
 Starburst                Conj/Fire      0%         6d3       100%        6
 Haunt                    Necr/Summ      0%         N/A       100%        7
 Orb of Destruction       Conj           0%         N/A       100%        7
 Infestation              Necr           0%         N/A       100%        8


Dungeon Overview and Level Annotations

Branches:
Dungeon (11/15)            Temple (0/1) D:6            Lair (0/6) D:10
    Orc: D:9-12

Altars:
Elyvilon
Nemelex Xobeh
Sif Muna
Xom
The Shining One

Shops:
D:4 [   D:10 (


Innate Abilities, Weirdness & Mutations

You have a pair of horns on your head.
You reflexively headbutt those who attack you in melee.


Message History

The boulder beetle leaps!
Fire: 34 sling bullets
Press: ? - help, Q - select action, (/) - cycle Shift-Dir - straight line, f/p - boulder beetle
Aim: a boulder beetle (severely wounded, 92% to hit)
You shoot a sling bullet.
The sling bullet hits the boulder beetle but does no damage.
The boulder beetle is severely wounded.
Fire: 33 sling bullets
Press: ? - help, Q - select action, (/) - cycle Shift-Dir - straight line, f/p - boulder beetle
Aim: a boulder beetle (severely wounded, 92% to hit)
You shoot a sling bullet.
The sling bullet hits the boulder beetle.
The boulder beetle is almost dead.
The boulder beetle curls into a ball and begins rolling!
Fire: 32 sling bullets
Press: ? - help, Q - select action, (/) - cycle Shift-Dir - straight line, f/p - boulder beetle
Aim: a boulder beetle (almost dead, rolling, 92% to hit)
You shoot a sling bullet.
The sling bullet hits the boulder beetle!
The boulder beetle is almost dead.
Fire: 31 sling bullets
Press: ? - help, Q - select action, (/) - cycle Shift-Dir - straight line, f/p - boulder beetle
Aim: a boulder beetle (almost dead, rolling, 92% to hit)
You shoot a sling bullet.
The sling bullet hits the boulder beetle but does no damage.
The boulder beetle is almost dead.
Fire: 30 sling bullets
Press: ? - help, Q - select action, (/) - cycle Shift-Dir - straight line, f/p - boulder beetle
Aim: a boulder beetle (almost dead, rolling, 92% to hit)
You shoot a sling bullet.
The sling bullet hits the boulder beetle but does no damage.
The boulder beetle is almost dead.
Fire: 29 sling bullets
Press: ? - help, Q - select action, (/) - cycle Shift-Dir - straight line, f/p - boulder beetle
Aim: a boulder beetle (almost dead, rolling, 92% to hit)
You shoot a sling bullet.
The sling bullet hits the boulder beetle but does no damage.
The boulder beetle is almost dead.
The boulder beetle hits you!!!
You die...

##.......#.......................
.......###...............##......
......###.............(..##..).>.
......###............°...#.......
.............(......°....#))#.#..
.......<###.##..(..°.....#..###..
.......####..#....°.........# #..
......###........B.#..#.....###..
....#..##......(@.##.###.....##..
..#.#.####...................##..
#.#............................#.
..(..###.#.###...................
.........#.# #.................##
..<......#.# ##................#
##.........###.[............#..#
..##.#.......#..............#.###
#.#####..###................#...#


You could see a boulder beetle (rolling).

Vanquished Creatures
  A boulder beetle (D:9)
  A two-headed ogre (D:9)
  4 death yaks
  Pikel (D:7)
  A cyclops (D:10)
  A kobold demonologist (D:11)
  Psyche (D:9)
  A hornet (D:5)
  A wraith (D:10)
  A vampire (D:10)
  9 yaks
  3 steam dragons
  Menkaure (D:6)
  3 water moccasins
  3 orc warriors
  A black bear (D:4)
  An ice beast (D:8)
  3 ogres
  2 necrophages
  6 centaurs
  2 lemures (D:7)
  A phantom (D:5)
  2 kobold brigands (D:9)
  2 scorpions (D:4)
  4 bullfrogs
  A wyvern zombie (D:6)
  A gnoll sergeant (D:9)
  A howler monkey (D:5)
  A hound (D:5)
  7 centaur zombies
  A gnoll shaman (D:8)
  4 bullfrog zombies
  A centaur skeleton (D:6)
  2 jellies (D:6)
  8 orc priests
  A bullfrog skeleton (D:6)
  3 iguanas
  5 orc wizards
  A killer bee zombie (D:7)
  A hound skeleton (D:4)
  A howler monkey zombie (D:9)
  Robin (D:1)
  18 gnolls
  A white imp (D:5)
  An adder zombie (D:5)
  A dart slug (D:1)
  29 orcs
  5 ball pythons
  5 endoplasms
  4 giant cockroaches
  15 goblins
  6 hobgoblins
  2 jackals (D:4)
  15 kobolds
  4 quokkas
  7 bats
  6 frilled lizards
  21 rats (D:2)
236 creatures vanquished.

Vanquished Creatures (others)
  A lemure (D:7)
  A killer bee (D:9)
  52 foxfires
  2 plants (D:4)
56 creatures vanquished.

Grand Total: 292 creatures vanquished

Notes
Turn   | Place    | Note
-------+----------+-------------------------------------------
     0 | D:1      | lunkers the Minotaur Cinder Acolyte began the quest for the
                  | Orb.
     0 | D:1      | Reached XP level 1. HP: 19/19 MP: 1/1
   221 | D:1      | Reached XP level 2. HP: 24/27 MP: 0/2
   694 | D:1      | Found a faded altar of an unknown god.
   736 | D:2      | Noticed Robin
   741 | D:2      | Reached XP level 3. HP: 26/33 MP: 0/3
   881 | D:1      | Killed Robin
   972 | D:2      | Reached skill level 5 in Axes
  1708 | D:2      | Reached XP level 4. HP: 41/41 MP: 2/4
  2975 | D:3      | Reached skill level 1 in Short Blades
  3234 | D:3      | Reached XP level 5. HP: 23/47 MP: 5/5
  3239 | D:3      | Reached skill level 1 in Shields
  3546 | D:4      | Found Inalibad's Armour Shoppe.
  3550 | D:4      | Reached skill level 5 in Fighting
  3717 | D:4      | Found a white marble altar of Elyvilon.
  3777 | D:4      | Reached XP level 6. HP: 52/56 MP: 6/6
  4327 | D:4      | Found a shimmering blue altar of Sif Muna.
  4329 | D:4      | Found a sparkling altar of Nemelex Xobeh.
  4387 | D:4      | Reached XP level 7. HP: 37/63 MP: 7/7
  4744 | D:4      | Reached skill level 1 in Evocations
  4924 | D:4      | Identified the +7 hunting sling "Puiwept Puif" {vorpal,
                  | Stlth+}
  5718 | D:5      | Entered Level 5 of the Dungeon
  5883 | D:5      | Reached skill level 1 in Slings
  6036 | D:5      | Reached XP level 8. HP: 73/73 MP: 8/8
  6044 | D:5      | Reached skill level 5 in Shields
  6231 | D:5      | Noticed a hornet
  6234 | D:5      | Paralysed by a hornet for 1 turns
  6237 | D:5      | Killed a hornet
  7258 | D:6      | Noticed Menkaure
  7262 | D:6      | Killed Menkaure
  7689 | D:6      | Found a staircase to the Ecumenical Temple.
  7710 | D:6      | Reached skill level 5 in Slings
  8017 | D:6      | Reached XP level 9. HP: 80/81 MP: 9/9
  8399 | D:7      | Noticed Pikel
  8451 | D:7      | Killed Pikel
 10227 | D:8      | Reached XP level 10. HP: 55/91 MP: 10/10
 10973 | D:9      | Found a shimmering altar of Xom.
 10979 | D:9      | Noticed a two-headed ogre
 10998 | D:9      | Killed a two-headed ogre
 11114 | D:9      | Noticed a boulder beetle
 11294 | D:9      | Reached skill level 10 in Fighting
 11441 | D:9      | Reached skill level 10 in Slings
 11534 | D:9      | Noticed Psyche
 11543 | D:9      | Killed Psyche
 11544 | D:9      | Killed a boulder beetle
 11617 | D:9      | Identified the +1 mace of Ignis's Inspiration {flame,
                  | Contam rPois Str+4}
 11942 | D:9      | Reached skill level 10 in Shields
 12102 | D:10     | Entered Level 10 of the Dungeon
 12102 | D:10     | Noticed a death yak
 12102 | D:10     | Found a staircase to the Lair.
 12119 | D:9      | Killed a death yak
 12120 | D:9      | Reached XP level 11. HP: 37/102 MP: 11/11
 12175 | D:9      | Identified a scroll of acquirement
 12175 | D:9      | Acquired 789 gold pieces
 12316 | D:4      | Bought a +2 scale mail of poison resistance for 252 gold
                  | pieces
 12316 | D:4      | Bought the +2 pair of boots "Waacre" {Int+5} for 448 gold
                  | pieces
 12448 | D:10     | Noticed a death yak
 12463 | D:10     | Killed a death yak
 12484 | D:10     | Noticed a death yak
 12510 | D:10     | Killed a death yak
 12520 | D:10     | Noticed a death yak
 12537 | D:10     | Killed a death yak
 12783 | D:10     | Identified the +6 trident of the Desolation of Salt
                  | {freeze, Fly rF- rN+++ Int+2}
 12860 | D:10     | Found a glowing golden altar of the Shining One.
 12909 | D:10     | Found Vialamnifem's Antique Weapon Shop.
 13222 | D:11     | Noticed a boulder beetle
 13254 | D:10     | Mangled by a boulder beetle

Illustrated notes

Levels and vault maps discovered:
D:1:      lemuel_arrival_cross, layout_rooms,
          shapermc_ecumenical_altar_mp_vishouse, chequers_serial_rivers_large_b,
          chequers_serial_rivers_small_a, minmay_misc_feat_roman, moated_statue,
          minivault_23
D:2:      layout_loops_ring, minmay_rat_hole, uniq_robin
D:3:      layout_basic
D:4:      layout_loops_corners, elyvilon_altar_3,
          mainiacjoe_overflow_divided_tiny, nicolae_stop_n_shop_2,
          serial_bayou_crossing
D:5:      layout_layer_cave
D:6:      layout_basic, temple_pool_b, uniq_menkaure
D:7:      layout_gridville, chequers_mini_garden, uniq_pikel
D:8:      layout_loops_ring
D:9:      layout_long_grid, mainiacjoe_overflow_catwalk, minmay_between,
          uniq_psyche
D:10:     layout_cave_pools, nicolae_tso_carved_into_rock, dpeg_lair_monsters,
          serial_shops, nicolae_shop_behind_doors, nzn_life_drinkers
D:11:     layout_loops_ring, nrook_guardian_serpent_ordinary

Skill      XL: |  1  2  3  4  5  6  7  8  9 10 11 |
---------------+----------------------------------+-----
Axes           | 4 5 |  5.7
Fighting       | 4 5 6 7 9 11 | 11.7
Short Blades   | 1 2 4 |  4.0
Shields        | 2 3 4 6 7 10 | 10.8
Evocations     | 2 3 4 |  4.0
Slings         | 2 5 8 10 11 | 11.3
Spellcasting   | |  1.0
Fire Magic     | |  0.6

Action                   |  1- 3 |  4- 6 |  7- 9 | 10-12 || total
-------------------------+-------+-------+-------+-------++-------
Melee: Hand axe          |    72 |    30 |       |       ||   102
       Headbutt          |    11 |    11 |     3 |       ||    25
       Short sword       |       |    70 |    18 |       ||    88
 Fire: Hunting sling     |       |       |   243 |   330 ||   573
Throw: Dart              |       |    15 |     7 |       ||    22
 Cast: Foxfire           |    29 |    11 |       |       ||    40
Evoke: Wand              |       |       |     4 |    15 ||    19
  Use: Scroll            |       |       |       |    15 ||    15
Armor: Robe              |    10 |    12 |       |       ||    22
       Ring mail         |       |    16 |    25 |       ||    41
       Scale mail        |       |       |     2 |    35 ||    37
Dodge: Dodged            |    40 |    61 |    45 |    31 ||   177
Block: Kite shield       |       |    21 |    50 |    45 ||   116

Table legend: (Time is in decaauts)
 A = Elapsed time spent in this place.
 B = Non-inter-level travel time spent in this place.
 C = Inter-level travel time spent in this place.
 D = Time resting spent in this place.
 E = Time spent auto-exploring this place.
 F = Levels seen in this place.
 G = Mean time per level.
                   A        B        C        D        E       F      G
               +--------+--------+--------+--------+--------+-----+--------+
         Total |  13300 |  12398 |    902 |    985 |   9666 |  11 | 1209.1 |
       Dungeon |  13300 |  12398 |    902 |    985 |   9666 |  11 | 1209.1 |
               +--------+--------+--------+--------+--------+-----+--------+

Top non-repeatable levels by time:
     D:4: 1894 daAuts
     D:7: 1882 daAuts
     D:5: 1597 daAuts
     D:2: 1425 daAuts
     D:3: 1423 daAuts
     D:9: 1260 daAuts
     D:1: 1070 daAuts
     D:6: 1015 daAuts
     D:8: 943 daAuts
    D:10: 770 daAuts
    D:11: 16 daAuts
